 Dungeon Sprint DCSS version 0.21-a0-417-g0adc95b (webtiles) character file.

8747 Kidiri the Fighter (level 11, 0/126 HPs)
             Began as a Grey Draconian Transmuter on Nov 3, 2017.
             Was the Champion of Wu Jian.
             Slain by a five-headed hydra (18 damage)
             ... in the Dungeon (Sprint III: "The Ten Rune Challenge").
             The game lasted 00:15:50 (1914 turns).

Kidiri the Fighter (Grey Draconian Transmuter)      Turns: 1914, Time: 00:15:51

Health: 0/126      AC:  6    Str: 14      XL:     11   Next: 14%
Magic:  17/23      EV: 14    Int: 11 (13) God:    Wu Jian [******]
Gold:   37         SH:  0    Dex: 14      Spells: 1/26 levels left

rFire    x . .     SeeInvis .     - Unarmed
rCold    + + +     Gourm    .   (shield currently unavailable)
rNeg     . . .     Faith    .   (armour unavailable)
rPois    +         Spirit   .   (helmet currently unavailable)
rElec    .         Reflect  .   (cloak currently unavailable)
rCorr    .         Harm     .   (gloves currently unavailable)
MR       .....     NoTele   +   (boots currently unavailable)
Stlth    ++........             (no amulet)
HPRegen  0.71/turn              (no ring)
MPRegen  0.18/turn              (no ring)

@: exhausted, ice-form, glowing, heavenly storm
A: (walk through water), unfitting armour, deterioration 1, regeneration 1,
evolution 1, AC +12
a: End Transformation, Serpent's Lash, Heavenly Storm, Renounce Religion


You were in the Dungeon.
You worshipped Wu Jian.
Wu Jian was exalted by your worship.
You were hungry.
You were a creature of crystalline ice.
You visited 1 branch You collected 37 gold pieces.

Inventory:

Missiles
 a - 56 arrows
 l - 4 javelins (quivered)
Armour
 m - a +0 cloak (melded)
Wands
 B - a wand of confusion (36/48)
Scrolls
 i - a scroll of blinking
 j - a scroll of immolation
 o - 2 scrolls of holy word
 q - a scroll of remove curse
Potions
 d - 2 potions of curing
 e - a potion of heal wounds
 f - a potion of haste
 g - 2 potions of magic
 n - 2 potions of mutation
 s - a potion of flight
Books
 k - a book of Misfortune

   Spells                             Type                      Level
   a - Confusing Touch                Hexes                        1
   b - Confuse                        Hexes                        3
   c - Gell's Gravitas                Translocation                3
   d - Petrify                        Transmutation/Earth          4
   e - Metabolic Englaciation         Hexes/Ice                    5
   f - Yara's Violent Unravelling     Hexes/Transmutation          5
 y - a book of Minor Magic

   Spells                             Type                      Level
   a - Magic Dart                     Conjuration                  1
   b - Blink                          Translocation                2
   c - Call Imp                       Summoning                    2
   d - Slow                           Hexes                        2
   e - Conjure Flame                  Conjuration/Fire             3
   f - Mephitic Cloud                 Conjuration/Poison/Air       3
Comestibles
 c - 2 chunks of flesh
 r - 25 royal jellies


   Skills:
 * Level 12.6 Fighting
 + Level 8.0 Dodging
 + Level 8.5 Stealth
 * Level 12.0 Unarmed Combat
 + Level 8.0 Spellcasting
 + Level 2.3 Hexes
 * Level 12.0 Transmutations
 + Level 6.2 Ice Magic
 + Level 6.2 Earth Magic
 + Level 8.0 Poison Magic


You had one spell level left.
You knew the following spells:

 Your Spells              Type           Power        Failure   Level  Hunger
a - Beastly Appendage     Tmut           ####..       1%          1    None
b - Sticks to Snakes      Tmut           ####....     1%          2    #......
c - Spider Form           Tmut/Pois      ####......   1%          3    ###....
d - Ice Form              Ice/Tmut       ###.....     3%          4    ####...
e - Petrify               Tmut/Erth      ###.....     3%          4    ####...
f - Blade Hands           Tmut           ####......   3%          5    ######.
g - Yara's Violent Unrav  Hex/Tmut       ###.......   22%         5    ######.
h - Confusing Touch       Hex            #.....       6%          1    None


Dungeon Overview and Level Annotations

Branches:
Dungeon (1/1)

Altars:
Cheibriados
Dithmenos
Elyvilon
Fedhas
Gozag
Hepliaklqana
Kikubaaqudgha
Makhleb
Nemelex Xobeh
Okawaru
Qazlal
Ru
Sif Muna
Trog
Uskayaw
Vehumet
Wu Jian
Xom
Yredelemnul
Zin
The Shining One
Beogh
Jiyva
Lugonu

Annotations:
D exclusion: 2 doors


Innate Abilities, Weirdness & Mutations

((You can walk through water.))
((Your dull iron-grey scales are very hard. (AC +12)))
You cannot fit into any form of body armour.
((You can survive without breathing.))
((You are cold-blooded and may be slowed by cold attacks.))
Your body sometimes deteriorates upon taking damage.
((Your flesh is heat resistant. (rF+)))
Your natural rate of healing is unusually fast.
You evolve.


Message History

Swooosh!
ZOOOM!
A death drake comes into view.
Evoke which item? (* to show all) (? for menu, Esc to quit)
Okay, then.
Unknown command.
You hear an angry hiss.
There is an open door here.
There's a creature in the doorway!
Unknown command.
Unknown command.
You feel much better. The five-headed hydra bites you.
* * * LOW HITPOINT WARNING * * *
The five-headed hydra bites you.
* * * LOW HITPOINT WARNING * * *
The five-headed hydra bites you.
* * * LOW HITPOINT WARNING * * *
The five-headed hydra completely misses you.
The five-headed hydra bites you!!
You die...

♣♣≈≈≈........≈≈≈...##.#.
+♣♣'♣≈≈≈≈≈≈≈≈≈≈≈≈♣♣..'.#.#
#.≈♣♣♣♣♣♣♣♣♣♣♣♣♣♣♣♣..##.#.
#..♣♣ ♣♣♣##+##
###'♣♣♣♣♣♣♣♣♣♣♣♣♣♣♣
♣♣♣♣.##..##§§§§§D§.#
♣...##.##.#D§§§§D§.#
♣♣.##.##§##D§§§§§###
♣..#.##§§Y#§§§§..§§§§
♣♣.##.##§§#k§.+######
♣♣.##.#####...# ♣.....#
k...# ####### ######


You could see a five-headed hydra and a four-headed hydra.

Vanquished Creatures
  Snorg (D)
  A centaur warrior (D)
  Urug (D)
  2 unseen horrors (D)
  A lindwurm (D)
  A deep elf mage (D)
  2 spiny frogs (D)
  A komodo dragon (D)
  3 wandering mushrooms (D)
  A queen bee (D)
  2 tyrant leeches (D)
  3 redbacks (D)
  A shadow (D)
  2 humans (D)
  A spatial vortex (D)
  A necrophage (D)
  2 centaurs (D)
  An earth elemental (D)
  A water elemental (D)
  32 killer bees (D)
  An electric eel (D)
  A jelly (D)
  A wizard (D)
  Crazy Yiuf (D)
  Jessica (D)
  A necromancer (D)
  A kobold demonologist (D)
  3 rats (D)
  2 plants (D)
72 creatures vanquished.

Vanquished Creatures (collateral kills)
  A human (D)
1 creature vanquished.

Vanquished Creatures (others)
  2 draconian scorchers (D)
  3 yaktaurs (D)
  6 hellions (D)
  4 plants (D)
15 creatures vanquished.

Grand Total: 88 creatures vanquished

Notes
Turn   | Place    | Note
-------+----------+-------------------------------------------
     0 | D        | Kidiri the Draconian Transmuter began the quest for the Orb.
     0 | D        | Reached XP level 1. HP: 16/16 MP: 3/3
    49 | D        | Noticed Jessica
    55 | D        | Killed Jessica
    55 | D        | Reached skill level 1 in Stealth
    55 | D        | Reached XP level 2. HP: 25/26 MP: 2/5
    60 | D        | Learned a level 2 spell: Sticks to Snakes
    89 | D        | Killed a hellion
   105 | D        | Reached XP level 3. HP: 5/31 MP: 4/7
   119 | D        | Killed a yaktaur
   149 | D        | Killed a white draconian scorcher
   189 | D        | Killed a hellion
   198 | D        | Killed a white draconian scorcher
   235 | D        | Killed a hellion
   248 | D        | Killed a hellion
   250 | D        | Killed a hellion
   278 | D        | Killed a hellion
   344 | D        | Learned a level 3 spell: Spider Form
   364 | D        | Noticed Crazy Yiuf
   370 | D        | Killed Crazy Yiuf
   370 | D        | Reached XP level 4. HP: 11/40 MP: 4/8
   391 | D        | Gained mutation: Scrolls take you a little longer to read. [potion of mutation]
   391 | D        | Gained mutation: Your natural rate of healing is unusually fast. [potion of mutation]
   392 | D        | Lost mutation: Scrolls take you a little longer to read. [potion of mutation]
   392 | D        | Gained mutation: Your flesh is heat resistant. (rF+) [potion of mutation]
   392 | D        | Gained mutation: Your body sometimes deteriorates upon taking damage. [potion of mutation]
   392 | D        | Gained mutation: You evolve. [potion of mutation]
   447 | D        | Noticed a water elemental
   454 | D        | Killed a water elemental
   454 | D        | Reached skill level 5 in Unarmed Combat
   454 | D        | Reached skill level 1 in Poison Magic
   509 | D        | Found an ornate altar of the Wu Jian Council.
   509 | D        | Found a roughly hewn altar of Beogh.
   509 | D        | Found an iron altar of Okawaru.
   509 | D        | Found a bloodstained altar of Trog.
   509 | D        | Found a hide-covered altar of Uskayaw.
   509 | D        | Noticed a human
   510 | D        | Noticed a human
   512 | D        | Became a worshipper of the Wu Jian Council
   523 | D        | Killed a human
   523 | D        | Reached skill level 5 in Transmutations
   523 | D        | Reached XP level 5. HP: 30/50 MP: 5/11
   524 | D        | Killed a human
   524 | D        | Reached XP level 6. HP: 35/58 MP: 5/12
   535 | D        | Learned a level 4 spell: Ice Form
   538 | D        | Killed a yaktaur
   582 | D        | Found a radiant altar of Vehumet.
   583 | D        | Found a deep blue altar of Sif Muna.
   583 | D        | Found an ancient bone altar of Kikubaaqudgha.
   584 | D        | Reached * piety under Wu Jian
   585 | D        | Noticed a neqoxec
   647 | D        | Found a glowing silver altar of Zin.
   648 | D        | Found a glowing golden altar of the Shining One.
   648 | D        | Found a white marble altar of Elyvilon.
   648 | D        | Noticed a deep elf mage
   652 | D        | Killed a deep elf mage
   652 | D        | Reached skill level 5 in Dodging
   652 | D        | Reached skill level 5 in Stealth
   652 | D        | Reached skill level 5 in Spellcasting
   652 | D        | Your scales start taking on a dull iron-grey colour.
   652 | D        | Reached XP level 7. HP: 69/69 MP: 8/14
   652 | D        | Gained mutation: You can survive without breathing. [Grey Draconian growth]
   701 | D        | Learned a level 5 spell: Blade Hands
   704 | D        | Found a basalt altar of Yredelemnul.
   704 | D        | Found a shadowy altar of Dithmenos.
   704 | D        | Found a sacrificial altar of Ru.
   707 | D        | Reached ** piety under Wu Jian
   750 | D        | Noticed a shadow
   754 | D        | Killed a shadow
   754 | D        | Reached skill level 1 in Ice Magic
   754 | D        | Reached skill level 5 in Poison Magic
   754 | D        | Reached XP level 8. HP: 77/77 MP: 10/16
   764 | D        | Found a blossoming altar of Fedhas.
   764 | D        | Found a stormy altar of Qazlal.
   764 | D        | Found a snail-covered altar of Cheibriados.
   764 | D        | Found a burning altar of Makhleb.
   764 | D        | Found a shimmering altar of Xom.
   765 | D        | Found a hazy altar of Hepliaklqana.
   765 | D        | Found an opulent altar of Gozag.
   765 | D        | Found a sparkling altar of Nemelex Xobeh.
   765 | D        | Found a corrupted altar of Lugonu.
   765 | D        | Found a viscous altar of Jiyva.
   771 | D        | Reached *** piety under Wu Jian
   810 | D        | Noticed Snorg
   859 | D        | Killed Snorg
   859 | D        | Reached skill level 10 in Fighting
   859 | D        | Reached XP level 9. HP: 58/85 MP: 12/18
   865 | D        | Learned a level 4 spell: Petrify
   952 | D        | Noticed a centaur warrior
   955 | D        | Killed a centaur warrior
   955 | D        | Reached skill level 10 in Unarmed Combat
   956 | D        | Reached **** piety under Wu Jian
   956 | D        | Reached skill level 10 in Transmutations
  1022 | D        | Killed an unseen horror
  1111 | D        | Killed an unseen horror
  1111 | D        | Reached XP level 10. HP: 89/95 MP: 15/20
  1172 | D        | Reached ***** piety under Wu Jian
  1190 | D        | Reached skill level 5 in Ice Magic
  1252 | D        | Reached ****** piety under Wu Jian
  1307 | D        | Reached skill level 5 in Earth Magic
  1529 | D        | Learned a level 5 spell: Yara's Violent Unravelling
  1530 | D        | Noticed a spiny frog
  1530 | D        | Noticed a spiny frog
  1534 | D        | Killed a spiny frog
  1538 | D        | Killed a spiny frog
  1543 | D        | Reached skill level 1 in Hexes
  1654 | D        | Noticed a lindwurm
  1690 | D        | Killed a lindwurm
  1690 | D        | Reached XP level 11. HP: 100/105 MP: 16/22
  1717 | D        | Learned a level 1 spell: Confusing Touch
  1729 | D        | Noticed Urug
  1735 | D        | Killed Urug
  1899 | D        | Noticed a four-headed hydra
  1899 | D        | Noticed a five-headed hydra
  1910 | D        | HP: 2/126 [four-headed hydra (18)]
  1911 | D        | Noticed a death drake
  1914 | D        | Slain by a five-headed hydra

Vault maps used:
D:        dungeon_sprint_mu

Skill      XL: |  1  2  3  4  5  6  7  8  9 10 11 |
---------------+----------------------------------+-----
Fighting       | 3 4 6 8 10 11 12 | 12.6
Dodging        | 2 3 4 5 6 7 8 |  8.0
Stealth        | 1 2 3 4 5 6 7 8 |  8.5
Unarmed Combat | 4 6 7 8 9 10 11 12 | 12.0
Transmutations | 3 4 5 6 7 8 9 10 11 12 | 12.0
Spellcasting   | 3 4 5 6 7 8 |  8.0
Poison Magic   | 2 3 4 5 6 7 8 |  8.0
Ice Magic      | 1 3 4 6 |  6.2
Earth Magic    | 3 6 |  6.2
Hexes          | 1 2 |  2.3

Action                   |  1- 3 |  4- 6 |  7- 9 | 10-12 || total
-------------------------+-------+-------+-------+-------++-------
Melee: Unarmed           |    27 |    21 |    35 |   120 ||   203
       Tailslap          |     4 |       |     7 |    12 ||    23
       Kick              |     2 |       |       |       ||     2
       Punch             |       |       |     2 |     4 ||     6
 Cast: Beastly Appendage |     3 |       |       |       ||     3
       Sticks to Snakes  |     1 |     2 |       |       ||     3
       Spider Form       |     1 |     3 |       |       ||     4
       Ice Form          |       |     1 |       |     1 ||     2
       Blade Hands       |       |       |     7 |    11 ||    18
       Confusing Touch   |       |       |       |     2 ||     2
Invok: Serpent's Lash    |       |       |       |     2 ||     2
       Heavenly Storm    |       |       |       |     1 ||     1
  Use: Potion            |       |     4 |       |     1 ||     5
       Scroll            |       |       |     4 |       ||     4
 Stab: Sleeping          |     2 |     1 |     2 |     2 ||     7
  Eat: Chunk             |       |       |     4 |     2 ||     6
       Bread ration      |       |       |       |     1 ||     1
Armor: Skin              |     2 |       |    12 |    27 ||    41
Dodge: Dodged            |    10 |    18 |    34 |    75 ||   137

Table legend:
 A = Spawn XP
 B = Non-spawn XP
 C = Spawn XP percentage of total XP
 D = Spawn monster count
 E = Non-spawn monster count
 F = Spawn count percentage of total count
 G = Total turns spent on level
                    A         B        C        D         E        F      G
               +---------+---------+-------+---------+---------+-------+---------
         Total |       0 |   12497 |   0.0 |       0 |      71 |   0.0 |  1914
               +---------+---------+-------+---------+---------+-------+---------
             D |       0 |   12497 |   0.0 |       0 |      71 |   0.0 |  1914
               +---------+---------+-------+---------+---------+-------+---------
